 Dungeon Crawl Stone Soup version 0.31-a0-716-gc7603755dd (console) character file.

Game seed: 3228968876932512244

4508 petzl the Magician (level 10, -2/105 (111) HPs)
             Began as a Formicid Delver on Sept 10, 2023.
             Slain by a wight
             ... wielding a +5 long sword
              (11 damage)
             ... on level 7 of the Dungeon.
             The game lasted 00:40:39 (10288 turns).

petzl the Magician (Formicid Delver)               Turns: 10288, Time: 00:40:39

HP:   -2/105 (111)  AC: 25    Str: 17 (18) XL:     10   Next: 65%
MP:   21/21         EV:  2    Int: 11 (13) God:
Gold: 235           SH:  0    Dex: 13 (15) Spells: 15/23 levels left

rFire   . . .        a - +4 quarterstaff (chaos)
rCold   + . .        (no shield)
rNeg    . . .        t - melded +0 ring mail
rPois   +            (helmet unavailable)
rElec   .            C - melded +0 cloak
rCorr   .            (gloves currently unavailable)
SInv    .            N - melded +0 pair of boots
Will    +....        u - amulet of the acrobat
Stlth   +++          h - ring of protection from cold
HPRegen 0.37/turn    r - ring of flight
MPRegen 0.17/turn

%: acrobat
@: tree-form, drained
A: stationary, stasis, torment immunity, boosted hp, permanent stasis, dig
shafts and tunnels, (antennae 3), four strong arms
a: no special abilities


You were on level 7 of the Dungeon.
You were a tree.
You visited 1 branch of the dungeon, and saw 11 of its levels.

You collected 434 gold pieces.
You spent 199 gold pieces at shops.

Inventory:

Hand Weapons
 a - a +4 quarterstaff of chaos (weapon)
 b - a +0 shortbow of flaming
 c - a +0 dagger of venom {!f =f}
 d - the +0 whip of the Madman {flame, Fly SInv}
   (You bought it in a shop on level 2 of the Dungeon)

   SInv:      It lets you see invisible.
   Fly:       It grants you flight.
 i - a +2 hammer of holy wrath
 w - a +3 dagger of freezing {!f =f}
 K - a +2 mace of protection
Missiles
 l - 78 stones
 s - 15 poisoned darts
 F - a throwing net
 G - a curare-tipped dart (quivered)
Armour
 t - a +0 ring mail (melded)
 C - a +0 cloak (melded)
 J - a +0 kite shield
 N - a +0 pair of boots (melded)
Jewellery
 h - a ring of protection from cold (left branch)
 q - a ring of wizardry
 r - a ring of flight (right branch)
 u - an amulet of the acrobat (around neck)
Talismans
 j - a blade talisman
Wands
 f - a wand of digging (3)
 y - a wand of mindburst (25)
 A - a wand of roots (6)
 D - a wand of polymorph (9)
 L - a wand of charming (10)
Scrolls
 e - a scroll of acquirement {unknown}
 m - a scroll of amnesia {unknown}
 n - a scroll of poison
 o - a scroll of vulnerability
 x - 2 scrolls of torment
 E - 3 scrolls of fog
 H - a scroll of revelation
 O - 2 scrolls of immolation
Potions
 g - a potion of magic {unknown}
 k - a potion of ambrosia {unknown}
 p - a potion of cancellation {unknown}
 v - 2 potions of brilliance
 z - a potion of attraction {unknown}
 B - a potion of invisibility {unknown}
 M - 2 potions of might
 P - a potion of mutation {unknown}


   Skills:
 - Level 5.0 Fighting
 - Level 2.0 Maces & Flails
 + Level 4.7 Ranged Weapons
 - Level 3.0 Armour
 - Level 3.0 Dodging
 - Level 6.0 Stealth
 - Level 7.4 Spellcasting
 * Level 1.9 Conjurations
 - Level 5.0 Transmutations
 - Level 5.1 Fire Magic
 + Level 3.4 Ice Magic
 + Level 2.9 Air Magic
 - Level 5.1 Poison Magic
 - Level 3.0 Evocations


You had 15 spell levels left.
You knew the following spells:

 Your Spells              Type           Power      Damage    Failure   Level
l - Freezing Cloud        Conj/Ice/Air   5%         6-21      83%         5
I - Ignite Poison         Fire/Tmut/Pois 15%        N/A       6%          3

Your spell library contained the following spells:

 Spells                   Type           Power      Damage    Failure   Level
 Cigotuvi's Dreadful Rot  Necr/Pois/Air  20%        N/A       9%          2
 Dispel Undead            Necr           4%         3d7       86%         4
 Death Channel            Necr           2%         N/A       100%        6


Dungeon Overview and Level Annotations

Branches:
Dungeon (11/15)              Lair (0/5) D:8             Orc (0/2) D:11
 Temple: D:4-7

Altars:
Fedhas
Kikubaaqudgha
Okawaru
Wu Jian
Yredelemnul

Shops:
D:2 (   D:3 ?

Annotations:
D:5 exclusion: sensed monster (detected), Sigmund
D:6 4 runed translucent doors, exclusion: two-headed ogre
D:7 Dowan
D:10 Joseph
D:11 exclusion: upstairs


Innate Abilities, Weirdness & Mutations

You are a tree.
Your roots penetrate the ground, keeping you stationary.
You cannot be teleported.
You are immune to unholy pain and torment.
Your maximum health is greatly increased.
Your equipment is partially melded.
You cannot be hasted, slowed, berserked, paralysed or teleported.
You can dig through walls and to a lower floor.
((You have a pair of large antennae on your head. (SInv)))
Your four strong arms can wield two-handed weapons with a shield.


Message History

A wight comes into view. It is wielding a +5 long sword.
Things that are here:
a +0 long sword; a +0 robe Your +0 shortbow of flaming bursts into flame!
b - a +0 shortbow of flaming (weapon)
You shoot an arrow. The arrow barely misses the wight.
You shoot an arrow.
The arrow hits the wight but does no damage.
You shoot an arrow. The arrow closely misses the wight.
You shoot an arrow. The arrow closely misses the wight.
The wight hits you with a +5 long sword.
Your +0 shortbow of flaming stops flaming.
Your +4 quarterstaff of chaos is briefly surrounded by a scintillating aura of random colours.
a - a +4 quarterstaff of chaos (weapon)
You sock the wight! You freeze the wight.
The wight is severely damaged.
The wight hits you with a +5 long sword!
You hit the wight.
The wight is almost destroyed.
The wight hits you with a +5 long sword! x2
* * * LOW HITPOINT WARNING * * *
You hit the wight but do no damage.
The wight is almost destroyed.
The wight hits you with a +5 long sword!
* * * LOW HITPOINT WARNING * * *
Really quaff the potion of lignification?
You turn into a tree.
Your +0 cloak melds into your body.
Your +0 pair of boots melds into your body.
Your +0 ring mail melds into your body.
Your roots penetrate the ground.
The wight hits you but does no damage.
You hit the wight but do no damage. You punch the wight, but do no damage.
The wight is almost destroyed.
The wight hits you with a +5 long sword.
* * * LOW HITPOINT WARNING * * *
You feel drained.
* * * LOW HITPOINT WARNING * * *
You closely miss the wight.
The wight is almost destroyed.
The wight hits you with a +5 long sword!
You die...

### #.. .. .. #.# #. ..# ... #.# #.
#..# #. #.# #. ..... ... #######
#.# #.#####....# # ......######.#
#........... .#.
.####........#####.....[...# ##.#
.###...######..z............ ##..{
.........####.####.######..####....
.###>.........# ##.### ........ .#
##.#..#######.....## #.... ##
#.#........)....... #...
#####.#[#######....#.## #...
......<.# #..###.# #..# ######..#
#......# #..# #.....).## #.######
#..# #.####<..# #)#########
######..# .........# #..♣z......
........# #.####...# ###########
#######.. #.# #..## ### #.# #..#
##############.. #.# #..#
#..............# #.# #..####
#.############## #.# #.....# #.#
#.# ##.##.# #.# #.# #.##.# #.# #.#
#....# #######.####
#.#####.######........?.#
.................#.#.##.# #######
.....##.######.#.#.#.##.# #.....##
..##.##.# #.#.#.#.##.# #.......
........# #.#.#.#.##.# #.......
.[.#.##.# #.#.#>#.##.# #.....##
.....##.## #.#.#.#.##.####.....#
#..###...#####.#.#..#.#........###
#..# #.............###>.######.#


You could see a wight.

Vanquished Creatures
  Psyche (D:8)
  A troll (D:11)
  2 wyverns
  Menkaure (D:7)
  Duvessa (D:7)
  An orc warrior (D:8)
  2 sky beasts (D:6)
  2 black bears
  3 ice beasts
  2 centaurs
  4 wolves (D:8)
  A phantom (D:6)
  2 kobold brigands (D:6)
  A bullfrog (D:9)
  A gnoll sergeant (D:6)
  5 scorpions
  12 wights
  2 electric eels (D:8)
  A hound (D:6)
  2 jellies
  5 orc priests
  3 sleepcaps
  Crazy Yiuf (D:5)
  Jessica (D:2)
  Ijyb (D:4)
  Terence (D:2)
  4 iguanas
  3 orc wizards
  A scorpion zombie (D:4)
  A hound zombie (D:4)
  4 gnolls
  13 adders
  3 shadow imps (D:6)
  4 white imps (D:6)
  2 ufetubi (D:6)
  4 worms
  17 orcs
  7 endoplasms
  4 giant cockroaches
  5 goblins
  11 hobgoblins
  9 jackals
  20 kobolds
  5 quokkas
  3 ball pythons
  10 bats
  4 frilled lizards
  6 rats
199 creatures vanquished.

Vanquished Creatures (others)
  A human (D:9)
  An orc zombie (D:6)
2 creatures vanquished.

Grand Total: 201 creatures vanquished

Notes
Turn   | Place    | Note
-------+----------+-------------------------------------------
     0 | D:5      | petzl the Formicid Delver began the quest for the Orb.
     0 | D:5      | Reached XP level 1. HP: 18/18 MP: 1/1
    94 | D:2      | Noticed Jessica
   134 | D:2      | Reached skill level 1 in Spellcasting
   176 | D:1      | Reached XP level 2. HP: 18/24 MP: 2/4
   374 | D:1      | Reached skill level 2 in Spellcasting
   519 | D:1      | Reached XP level 3. HP: 26/29 MP: 6/6
   628 | D:1      | Found a faded altar of an unknown god.
   907 | D:2      | Learned a level 3 spell: Ignite Poison
  1212 | D:2      | Reached XP level 4. HP: 35/35 MP: 8/8
  1337 | D:2      | Reached skill level 1 in Transmutations
  1341 | D:2      | Reached skill level 1 in Poison Magic
  1443 | D:2      | Noticed Terence
  1464 | D:2      | Killed Terence
  1465 | D:2      | Reached skill level 3 in Spellcasting
  1465 | D:2      | Reached skill level 1 in Fire Magic
  1511 | D:2      | Found Qeradgh's Antique Weapon Shop.
  1710 | D:2      | Killed Jessica
  1711 | D:2      | Reached XP level 5. HP: 39/41 MP: 9/9
  1741 | D:2      | Bought a steaming whip for 157 gold pieces
  1741 | D:2      | Identified the +0 whip of the Madman {flame, Fly SInv} (You
                  | bought it in a shop on level 2 of the Dungeon)
  2066 | D:3      | Found a blossoming altar of Fedhas.
  2094 | D:3      | Found Wump's Magic Scroll Emporium.
  2166 | D:3      | Bought a scroll of identify for 28 gold pieces
  2166 | D:3      | Bought a scroll of noise for 14 gold pieces
  2541 | D:4      | Reached XP level 6. HP: 34/47 MP: 11/11
  3028 | D:4      | Noticed Ijyb
  3044 | D:4      | Killed Ijyb
  3157 | D:5      | Noticed an ice beast
  3212 | D:4      | Reached skill level 4 in Spellcasting
  3540 | D:4      | Reached XP level 7. HP: 46/52 MP: 13/13
  3588 | D:4      | Found a basalt altar of Yredelemnul.
  4171 | D:5      | Reached skill level 1 in Armour
  4334 | D:5      | Noticed Sigmund
  4475 | D:5      | Reached XP level 8. HP: 32/60 MP: 13/15
  4648 | D:5      | Found a runed translucent door.
  4649 | D:5      | Noticed Crazy Yiuf
  4668 | D:5      | Killed Crazy Yiuf
  4936 | D:5      | Reached skill level 5 in Spellcasting
  5656 | D:6      | Reached skill level 5 in Poison Magic
  5811 | D:6      | Reached XP level 9. HP: 50/66 MP: 17/17
  5866 | D:6      | Learned a level 5 spell: Freezing Cloud
  6113 | D:6      | Found a large runed translucent door.
  6113 | D:6      | Found a large runed translucent door.
  6124 | D:6      | Found a large runed translucent door.
  6124 | D:6      | Found a large runed translucent door.
  6244 | D:6      | Reached skill level 1 in Ranged Weapons
  6244 | D:6      | Reached skill level 6 in Spellcasting
  6244 | D:6      | Reached skill level 1 in Ice Magic
  6244 | D:6      | Reached skill level 1 in Evocations
  6482 | D:6      | Reached skill level 1 in Air Magic
  6959 | D:6      | Noticed a two-headed ogre
  7225 | D:7      | Noticed Duvessa
  7225 | D:7      | Noticed Maggie
  7225 | D:7      | Noticed Dowan
  7245 | D:6      | Reached skill level 5 in Fighting
  7850 | D:7      | Noticed Menkaure
  8173 | D:7      | Killed Duvessa
  8174 | D:7      | Reached skill level 5 in Transmutations
  8193 | D:7      | You are sucked into a shaft and drop 1 floor!
  8213 | D:8      | Found an ornate altar of the Wu Jian Council.
  8232 | D:8      | Noticed Psyche
  8257 | D:8      | Reached XP level 10. HP: 74/74 MP: 20/20
  8843 | D:8      | Noticed Grum
  8861 | D:8      | Reached skill level 7 in Spellcasting
  9039 | D:8      | Found an iron altar of Okawaru.
  9064 | D:8      | You are sucked into a shaft and drop 3 floors!
  9064 | D:11     | Found a staircase to the Orcish Mines.
  9243 | D:10     | Entered Level 10 of the Dungeon
  9243 | D:10     | Noticed Joseph
  9418 | D:9      | Reached skill level 5 in Fire Magic
  9476 | D:9      | Found an ancient bone altar of Kikubaaqudgha.
  9888 | D:8      | Found a staircase to the Lair.
  9903 | D:8      | Killed Psyche
  9904 | D:8      | Reached skill level 1 in Conjurations
  9965 | D:7      | Killed Menkaure
 10288 | D:7      | Slain by a wight

Illustrated notes

Levels and vault maps discovered:
D:1:      kilobyte_arrival_exit_the_forest, layout_rooms,
          ebering_ecumenical_altar_rust, serial_park_tiny_1
D:2:      layout_basic, serial_shops, shop, uniq_jessica, uniq_terence
D:3:      layout_rooms, fedhas_altar_2, serial_shops, nicolae_shop_crystal,
          kennysheep_pointless_box, minmay_fractal_squares_5
D:4:      layout_basic, lemuel_zombie_altar_yredelemnul, grunt_ministairs_10,
          uniq_ijyb
D:5:      layout_basic, uniq_crazy_yiuf_cottage, uniq_sigmund
D:6:      kennysheep_six_static_rooms, layout_loops_ring,
          minmay_misc_feat_enclosed, minmay_hollow_rounded_squares
D:7:      layout_loops_ring, temple_statues, minmay_holes, uniq_menkaure,
          uniq_maggie, uniq_duvessa
D:8:      layout_basic, mainiacjoe_overflow_paths, mainiacjoe_overflow_24_doors,
          kennysheep_little_box, lair_entry_dummy, serial_park_tiny_pond,
          uniq_grum, uniq_psyche
D:9:      layout_grid_maze, tgw_kikubaaqudgha, uniq_jeremiah, uniq_gastronok,
          uniq_maurice
D:10:     layout_roguey, trog_hazing_becter, kennysheep_mini_moat,
          nicolae_uskayaw_suspiria, fiery_altar_vehumet, uniq_joseph
D:11:     layout_cave_pools, orc_0_dummy, uniq_lodul

Skill      XL: |  1  2  3  4  5  6  7  8  9 10 |
---------------+-------------------------------+-----
Spellcasting   | 1 2 3 4 5 6 7 |  7.4
Transmutations | 1 2 3 4 5 |  5.0
Poison Magic   | 1 2 3 4 5 |  5.1
Fire Magic     | 1 2 3 4 5 |  5.1
Dodging        | 2 3 |  3.0
Armour         | 1 2 3 |  3.0
Fighting       | 4 5 |  5.0
Ranged Weapons | 3 4 |  4.7
Ice Magic      | 2 3 |  3.4
Evocations     | 2 3 |  3.0
Air Magic      | 1 2 |  2.9
Conjurations   | 1 |  1.9
Maces & Flails | |  2.0
Stealth        | |  6.0

Action                     |  1- 3 |  4- 6 |  7- 9 | 10-12 || total
---------------------------+-------+-------+-------+-------++-------
  Melee: Mace              |    22 |     2 |       |       ||    24
         Dagger            |    72 |   175 |    71 |       ||   318
         Punch             |     1 |     2 |     3 |     4 ||    10
         Whip              |       |    15 |    23 |       ||    38
         Quarterstaff      |       |       |   189 |    94 ||   283
   Fire: Shortbow          |       |       |    40 |    73 ||   113
  Throw: Stone             |       |    12 |    16 |       ||    28
         Dart              |       |     5 |    14 |     8 ||    27
   Cast: Ignite Poison     |       |       |       |     2 ||     2
Ability: Shaft Self        |       |       |     1 |     1 ||     2
         Dig               |       |       |       |     4 ||     4
  Evoke: Wand              |       |       |     2 |     2 ||     4
    Use: Scroll            |       |     2 |     4 |     5 ||    11
         Potion            |       |       |       |     8 ||     8
   Stab: Sleeping          |     6 |     8 |     9 |     1 ||    24
         Paralysed         |       |       |     1 |       ||     1
 Armour: Leather armour    |    24 |       |       |       ||    24
         Ring mail         |    18 |   124 |   192 |   101 ||   435
         Skin              |       |       |       |    16 ||    16
  Dodge: Dodged            |    59 |   107 |   200 |    77 ||   443

Table legend: (Time is in decaauts)
 A = Elapsed time spent in this place.
 B = Non-inter-level travel time spent in this place.
 C = Inter-level travel time spent in this place.
 D = Time resting spent in this place.
 E = Time spent auto-exploring this place.
 F = Levels seen in this place.
 G = Mean time per level.
                   A        B        C        D        E       F      G
               +--------+--------+--------+--------+--------+-----+--------+
         Total |  10375 |   9840 |    535 |   3129 |   3614 |  11 |  943.2 |
       Dungeon |  10375 |   9840 |    535 |   3129 |   3614 |  11 |  943.2 |
               +--------+--------+--------+--------+--------+-----+--------+

Top non-repeatable levels by time:
     D:6: 2214 daAuts
     D:5: 1786 daAuts
     D:4: 1235 daAuts
     D:8: 1136 daAuts
     D:2: 1035 daAuts
     D:7: 965 daAuts
     D:3: 721 daAuts
     D:1: 699 daAuts
    D:11: 315 daAuts
     D:9: 232 daAuts
    D:10: 33 daAuts
